 Dungeon Crawl Stone Soup version 0.28.0-47-ge53b351184 (webtiles) character file.

Game seed: 2657495121778321123

126 NinjaNoafa the Skirmisher (level 5, -19/33 HPs)
             Began as a Gargoyle Monk on Apr 28, 2022.
             Killed by an exploding adder (27 damage)
             ... ignited by their inner flame
             ... on level 4 of the Dungeon on Apr 29, 2022.
             The game lasted 00:05:25 (3102 turns).

NinjaNoafa the Skirmisher (Gargoyle Monk)           Turns: 3102, Time: 00:05:25

Health: -19/33     AC: 14    Str: 17    XL:     5   Next: 10%
Magic:  5/5        EV:  7    Int: 10    God:
Gold:   168        SH:  0    Dex: 12    Spells: 4/4 levels left

rFire   . . .      SeeInvis .   a - +0 mace
rCold   . . .      Faith    .   (no shield)
rNeg    + . .      Spirit   .   b - +0 chain mail
rPois   ∞          Reflect  .   (no helmet)
rElec   +          Harm     .   k - +0 cloak
rCorr   .          Rampage  .   (no gloves)
Will    .....                   (no boots)
Stlth   ..........              (no amulet)
HPRegen 0.11/turn               (no ring)
MPRegen 0.09/turn               (no ring)

@: no status effects
A: sickness immunity, AC +4, negative energy resistance 1, electricity
resistance, torment resistance 1, petrification resistance
a: no special abilities


You were on level 4 of the Dungeon.
You visited 1 branch of the dungeon, and saw 4 of its levels.

You collected 168 gold pieces.

Inventory:

Hand Weapons
 a - a +0 mace (weapon)
Missiles
 e - 2 poisoned darts (quivered)
 g - 60 stones
Armour
 b - a +0 chain mail (worn)
 k - a +0 cloak (worn)
Scrolls
 d - a scroll of noise
 j - a scroll of amnesia


   Skills:
 * Level 4.2 Fighting
 + Level 3.8 Maces & Flails
 * Level 3.3 Armour
 - Level 2.4 Dodging
 - Level 2.1 Stealth


You had 4 spell levels left.
You didn't know any spells.
Your spell library contained the following spells:

 Spells                   Type           Power      Damage    Failure   Level
 Summon Lightning Spire   Summ/Air       0%         N/A       100%        4
 Storm Form               Tmut/Air       0%         N/A       100%        7
 Maxwell's Capacitive Co  Air            0%         ∞         100%        8


Dungeon Overview and Level Annotations

Branches:
Dungeon (4/15)
 Temple: D:4-7

Altars:

Shops:
D:1 [   D:2 [[

Annotations:
D:4 Edmund


Innate Abilities, Weirdness & Mutations

You are immune to sickness and miasma.
Your stone body is resilient. (AC +4)
You are immune to poison.
You resist negative energy. (rN+)
You are resistant to electric shocks. (rElec)
You are resistant to unholy torment.
You are immune to petrification.


Message History

Aim: Edmund, wielding a +2 vorpal flail and wearing a +1 chain mail of fire resistance (lightly wounded, 67% to hit)
You throw a poisoned dart. The poisoned dart hits Edmund.
Edmund is poisoned.
Edmund is lightly wounded.
Edmund drinks a potion.
Edmund is healed!
Edmund looks more healthy.
An adder comes into view.
The adder barely misses you.
Really read the scroll of immolation?
As you read the scroll of immolation, it crumbles to dust.
The creatures around you are filled with an inner flame!
The adder bites you but does no damage.
Throw: 4 darts (poison)
Press: ? - help, Q - select action, (/) - cycle Shift-Dir - straight line, f - endoplasm, p - Edmund
Aim: an endoplasm (inner flame, 86% to hit)
You throw a poisoned dart. The poisoned dart hits the endoplasm.
The endoplasm is poisoned.
You hear the slow hiss of an avalanche of sand nearby.
Flame seeps out of the endoplasm.
The endoplasm is engulfed in blazing flames.
The endoplasm explodes!
The adder barely misses you. Edmund hits you but does no damage.
You hear an angry growl.
The adder closely misses you.
Throw: 3 darts (poison)
Press: ? - help, Q - select action, (/) - cycle Shift-Dir - straight line
Okay, then.
Edmund hits you but does no damage.
A black bear comes into view.
The adder bites you but does no damage.
Found an escape hatch in the ceiling.
Throw: 3 darts (poison)
Press: ? - help, Q - select action, (/) - cycle Shift-Dir - straight line, f - adder
Aim: an adder (inner flame, 40% to hit)
You throw a poisoned dart. The poisoned dart hits the adder.
The adder is poisoned.
Flame seeps out of the adder.
The adder is engulfed in blazing flames.
The adder explodes!
The fiery explosion engulfs you!!
Ouch! That really hurt!
You die...

****** ########## **,,,,,
#........##### **,,,,,,
#........#...## *,,,,,,,
#.......§§§...####**,,,,,,,
#.......§○@.......,*,,,,,,,
#####*#......Z.@§.......,*,,,,,,,
.....##..§..............,*,,,,,,,
####....(..........h#...,,...,,,,
.........§..............,,...,,,,
............#.........<.,,,.),,,,
.####.................#.,,,..,,,*
..##...#............#.#..**#.####
......!........#..,*,,....##.#...


You could see Edmund (inner flame), a black bear and a goblin zombie (inner
flame).

Vanquished Creatures
  An orc wizard (D:3)
  5 adders
  A worm (D:2)
  A dart slug (D:3)
  4 orcs (D:3)
  2 ball pythons
  7 bats
  4 endoplasms
  7 goblins
  5 hobgoblins
  4 kobolds
  2 quokkas
  3 frilled lizards
  An orc zombie (D:4)
  14 rats
61 creatures vanquished.

Notes
Turn   | Place    | Note
-------+----------+-------------------------------------------
     0 | D:1      | NinjaNoafa the Gargoyle Monk began the quest for the Orb.
     0 | D:1      | Reached XP level 1. HP: 14/14 MP: 1/1
   153 | D:1      | Reached skill level 1 in Armour
   153 | D:1      | Reached XP level 2. HP: 19/19 MP: 2/2
   265 | D:1      | Found Ikkenyep's Antique Armour Shop.
   854 | D:2      | Reached XP level 3. HP: 13/24 MP: 3/3
  1089 | D:2      | Found Eped's Antique Armour Emporium.
  1484 | D:2      | Found Wehye's Antique Armour Shop.
  1833 | D:2      | Found a faded altar of an unknown god.
  1840 | D:2      | Reached XP level 4. HP: 27/29 MP: 4/4
  2198 | D:3      | Reached skill level 4 in Fighting
  2370 | D:3      | Reached XP level 5. HP: 19/33 MP: 5/5
  3000 | D:4      | Noticed Edmund
  3099 | D:4      | Noticed a black bear
  3102 | D:4      | Killed by an exploding adder... ignited by their inner
                  | flame

Illustrated notes

Levels and vault maps discovered:
D:1:      dpeg_arrival_connections, layout_basic, serial_shops,
          nicolae_shop_overgrown_old_shop
D:2:      layout_rooms, ebering_ecumenical_altar_abandoned, serial_shops,
          nicolae_shop_crystal, nicolae_shop_crystal, minmay_rat_gold_closets
D:3:      layout_basic
D:4:      layout_rooms, nicolae_ossuary_entry_giza, uniq_edmund

Skill      XL: |  1  2  3  4 |
---------------+-------------+-----
Armour         | 1 2 3 |  3.3
Fighting       | 4 |  4.2
Maces & Flails | |  3.8
Dodging        | |  2.4
Stealth        | |  2.1

Action                   |  1- 3 |  4- 6 || total
-------------------------+-------+-------++-------
Melee: Mace              |   111 |    87 ||   198
       Punch             |     2 |       ||     2
Throw: Dart              |       |     6 ||     6
  Use: Potion            |       |     2 ||     2
       Scroll            |       |     7 ||     7
Armor: Scale mail        |    73 |    52 ||   125
       Skin              |       |    15 ||    15
       Chain mail        |       |    22 ||    22
Dodge: Dodged            |    48 |    53 ||   101
